Map: Frozen Temple

Players

not - Winner!

  • Race: Protoss Protoss
  • League: Gold

capac

  • Race: Terran Terran
  • League: Gold

VOD

Have the link to the VOD?

Description

Time

  • Played on: May 4, 2016, 1:42 p.m.
  • Length: 24:28
Show
View Real Time Build Order
Export as new Build Order

not Protoss - Winner!

Build Orders:  

Get SALT Encoding   

  12  0:01  Probe (Chrono Boost)  
  13  0:11  Probe (Chrono Boost)  
  14  0:22  Probe (Chrono Boost)  
  14  0:27  Pylon  
  15  0:38  Assimilator  
  15  0:46  Probe (Chrono Boost)  
  15  0:49  Gateway  
  16  0:58  Assimilator  
  16  1:01  Probe (Chrono Boost)  
  17  1:12  Probe (Chrono Boost), Pylon  
  18  1:22  Probe (Chrono Boost)  
  19  1:37  Probe (Chrono Boost)  
  20  1:40  Cybernetics Core  
  20  1:47  Probe (Chrono Boost)  
  21  1:58  Probe (Chrono Boost)  
  22  2:08  Probe (Chrono Boost)  
  22  2:23  Mothership Core (Chrono Boost)  
  22  2:28  Nexus  
  24  2:34  Pylon  
  23  2:50  Probe (Chrono Boost)  
  24  2:55  Stalker (Chrono Boost)  
  26  2:59  Warp Gate (Chrono Boost)  
  26  3:01  Probe  
  26  3:03  Pylon  
  27  3:11  Gateway  
  27  3:19  Robotics Facility  
  27  3:39  Probe  
  27  3:40  Pylon  
  27  3:41  Probe  
  29  3:46  Sentry (Chrono Boost)  
  31  3:52  Gateway  
  31  3:56  Pylon  
  31  4:07  Observer (Chrono Boost)  
  36  4:17  Sentry x2  
  36  4:20  Probe  
  36  4:21  Probe  
  38  4:28  Forge  
  38  4:31  Probe  
  38  4:33  Immortal (Chrono Boost)  
  38  4:34  Probe  
  44  4:41  Probe  
  45  4:46  Probe  
  46  5:14  Probe  
  46  5:16  Probe  
  46  5:20  Protoss Ground Armor Level 1  
  48  5:24  Twilight Council  
  48  5:25  Probe  
  48  5:27  Immortal (Chrono Boost)  
  48  5:28  Probe  
  54  5:35  Stalker x3  
  56  5:36  Probe  
  56  5:40  Probe  
  62  5:48  Assimilator x2  
  62  5:49  Pylon  
  62  6:05  Gateway  
  62  6:07  Gateway  
  62  6:09  Templar Archives  
  62  6:11  Stalker x3  
  68  6:32  Probe  
  68  6:33  Probe  
  70  6:42  Probe  
  70  6:45  Probe  
  72  6:52  Stalker x3  
  72  6:53  Probe  
  78  6:57  Probe  
  80  7:03  Probe  
  74  7:33  Probe  
  74  7:34  Probe  
  76  7:43  Probe  
  76  7:46  Probe  
  78  7:54  Probe  
  79  7:58  Probe  
  79  8:04  Probe  
  80  8:10  Pylon  
  79  8:32  Stalker x4  
  87  8:34  Stalker  
  87  8:35  Probe  
  87  8:36  Probe  
  91  8:45  Probe  
  92  8:48  Probe  
  92  8:50  Charge  
  92  8:54  Psionic Storm  
  93  9:00  Pylon  
  93  9:04  Protoss Ground Armor Level 2 (Chrono Boost)  
  93  9:07  Nexus  
  92  9:10  Pylon  
  92  9:13  Pylon  
  91  9:25  Robotics Facility  
  91  9:29  Pylon  
  91  9:31  Pylon  
  91  9:33  Observer (Chrono Boost)  
  91  9:35  Pylon  
  92  9:42  Zealot, Gateway  
  92  9:43  Zealot x4, Gateway  
  102  9:48  Pylon  
  102  9:49  Gateway  
  102  9:52  Photon Cannon, Observer (Chrono Boost)  
  103  9:54  Pylon  
  103  9:55  Photon Cannon  
  103  9:58  Probe  
  103  9:59  Probe  
  105  10:04  Pylon  
  105  10:11  Probe x2  
  107  10:23  Probe, High Templar  
  107  10:24  High Templar  
  112  10:31  Zealot x3  
  118  10:43  Probe  
  118  10:44  Probe  
  118  10:45  Probe  
  121  11:01  Assimilator  
  121  11:02  Assimilator  
  121  11:15  Probe x3  
  124  11:26  High Templar x5  
  124  11:30  Pylon  
  134  11:35  Zealot  
  134  11:36  Zealot x2  
  134  11:38  Pylon  
  140  11:45  Gateway  
  140  11:48  Pylon, Gateway  
  140  11:49  Gateway  
  140  11:53  Photon Cannon  
  140  11:59  Photon Cannon  
  140  12:01  Photon Cannon  
  140  12:02  Photon Cannon  
  140  12:04  Photon Cannon x2  
  140  12:06  Photon Cannon x2  
  140  12:07  Photon Cannon  
  140  12:09  Pylon  
  140  12:10  Photon Cannon, Pylon  
  140  12:20  Photon Cannon  
  140  12:21  Pylon  
  140  12:26  Dark Shrine  
  140  12:41  High Templar x2, Nexus  
  140  12:42  High Templar x5  
  140  12:43  Pylon  
  154  12:45  Archon  
  154  12:46  Archon x2  
  154  12:51  Archon  
  154  12:56  Zealot x3  
  154  12:57  Zealot  
  162  13:14  Stargate x2  
  162  13:18  Assimilator  
  162  13:20  Assimilator  
  162  13:23  Photon Cannon, Pylon  
  162  13:41  Dark Templar x3  
  168  14:11  Fleet Beacon  
  162  14:45  Dark Templar  
  164  15:02  Robotics Bay  
  164  15:05  Dark Templar  
  166  15:14  Tempest x2 (Chrono Boost)  
  174  15:35  Photon Cannon  
  174  15:36  Photon Cannon  
  174  15:39  Photon Cannon  
  174  15:40  Photon Cannon  
  174  15:41  Photon Cannon x2  
  174  15:42  Photon Cannon  
  174  15:44  Photon Cannon x2  
  174  15:45  Photon Cannon x2  
  174  15:49  Pylon  
  174  15:53  Pylon x2  
  174  15:54  Protoss Air Weapons Level 1 (Chrono Boost)  
  174  15:57  Tempest (Chrono Boost)  
  174  15:58  Tempest (Chrono Boost)  
  182  16:08  Extended Thermal Lance  
  182  16:10  Colossus x2  
  194  16:36  Tempest (Chrono Boost)  
  198  16:50  Photon Cannon  
  198  16:52  Photon Cannon  
  198  16:56  Photon Cannon  
  198  16:59  Photon Cannon  
  197  17:26  Pylon  
  197  17:29  Pylon  
  197  17:54  Dark Templar  
  140  18:48  Tempest x2 (Chrono Boost)  
  134  19:26  Tempest x2 (Chrono Boost)  
  134  19:30  Colossus x2  
  154  19:36  Zealot x8  
  154  19:37  Zealot x3  
  176  19:49  Photon Cannon x2  
  176  19:51  Photon Cannon x2  
  176  19:54  Photon Cannon  
  176  19:55  Nexus  
  176  19:57  Photon Cannon  
  176  19:58  Pylon x2  
  176  19:59  Photon Cannon, Pylon  
  176  20:01  Photon Cannon  
  176  20:02  Photon Cannon  
  176  20:03  Protoss Air Weapons Level 2  
  176  20:06  Photon Cannon  
  176  20:09  Photon Cannon  
  176  20:11  Photon Cannon  
  176  20:22  Protoss Ground Armor Level 3  
  154  21:00  Dark Templar  
  154  21:01  Dark Templar x3  
  162  21:07  Dark Templar x3  
  160  21:24  Void Ray (Chrono Boost)  
  160  21:25  Void Ray (Chrono Boost)  
  168  21:33  High Templar x2  
  168  21:34  High Templar x6  
  184  21:49  Assimilator x2  
  184  21:55  Photon Cannon  
  184  21:56  Photon Cannon  
  184  21:59  Photon Cannon  
  184  22:01  Photon Cannon  
  184  22:02  Photon Cannon, Void Ray x2 (Chrono Boost), Observer Gravitic Boosters  
  184  22:03  Photon Cannon  
  192  23:02  Pylon  
  192  23:11  Pylon  
  192  23:19  Pylon  
  192  23:36  Zealot x4  
Show
View Real Time Build Order
Export as new Build Order

capac Terran 

Build Orders: Reaper Expand, MMM Bio 

Get SALT Encoding   

  12  0:02  SCV  
  13  0:14  SCV  
  13  0:20  Supply Depot  
  14  0:26  SCV  
  15  0:42  Barracks, SCV  
  16  0:46  Refinery  
  16  0:54  SCV  
  17  1:06  SCV  
  18  1:18  SCV  
  19  1:31  Reaper  
  21  1:33  Orbital Command  
  20  1:46  Command Center  
  19  2:08  Marine  
  19  2:15  Refinery  
  20  2:16  Supply Depot  
  20  2:21  Factory  
  20  2:22  SCV  
  21  2:33  Barracks Reactor  
  21  2:47  SCV  
  22  2:55  Barracks  
  22  2:59  SCV  
  23  3:06  Factory Tech Lab  
  23  3:08  Starport  
  23  3:11  Marine x2  
  25  3:17  Orbital Command  
  25  3:20  SCV  
  26  3:28  Siege Tank  
  26  3:33  Marine x2  
  31  3:36  SCV  
  32  3:42  Barracks Tech Lab  
  32  3:44  SCV  
  33  3:52  Supply Depot  
  33  3:54  Medivac  
  35  3:57  Marine x2  
  35  4:00  SCV  
  38  4:08  SCV  
  39  4:10  Marine  
  39  4:13  SCV  
  39  4:16  Supply Depot, Marine  
  39  4:17  Marine  
  44  4:24  SCV  
  44  4:25  SCV  
  44  4:27  Starport Reactor  
  45  4:32  Stimpack  
  45  4:33  Marine  
  45  4:36  SCV  
  45  4:37  SCV  
  48  4:39  Supply Depot  
  48  4:49  SCV  
  48  4:50  SCV  
  48  4:51  Barracks, Marine x2  
  52  4:56  Siege Tank  
  54  5:10  Medivac  
  56  5:16  Refinery  
  56  5:17  Medivac  
  56  5:18  SCV x2  
  56  5:19  Marine x3  
  63  5:30  SCV x2  
  65  5:42  SCV x2  
  67  5:45  Barracks x2, Barracks Reactor  
  67  5:54  SCV x2  
  69  6:04  Marine  
  70  6:14  Refinery  
  70  6:21  Supply Depot  
  70  6:25  Marine x2, Siege Tank, SCV x2  
  77  6:26  Marine  
  78  6:43  Marine x2, SCV x2  
  82  6:55  SCV x2  
  69  7:21  Marine x3  
  69  7:22  Marine, Barracks Reactor  
  70  7:23  Barracks Reactor  
  70  7:24  Siege Tank  
  70  7:25  Medivac x2  
  77  7:31  Marine, Command Center  
  77  7:32  Starport  
  77  7:33  Supply Depot  
  78  7:39  Combat Shields  
  78  7:48  Supply Depot  
  78  7:49  Supply Depot  
  78  7:56  Engineering Bay  
  78  7:57  Siege Tank  
  81  7:58  Engineering Bay  
  81  8:00  Medivac  
  81  8:01  Medivac  
  84  8:23  Marine x9  
  84  8:25  Liberator x2  
  90  8:41  Marine x9  
  91  8:45  Starport Reactor  
  105  8:52  Terran Infantry Weapons Level 1, Terran Infantry Armor Level 1  
  105  8:58  Marine  
  105  8:59  Marine x4  
  110  9:06  Missile Turret  
  110  9:12  Liberator x2  
  110  9:25  Missile Turret  
  110  9:26  Marine x5  
  110  9:27  Marine x3  
  124  10:02  Liberator x3  
  124  10:13  Supply Depot  
  124  10:15  Supply Depot  
  124  10:16  Supply Depot  
  124  10:17  Liberator  
  133  10:22  Factory  
  133  10:23  Orbital Command  
  133  10:34  Marine x5  
  141  10:36  Marine x3  
  144  10:44  Marine, Missile Turret  
  145  10:52  Marine x3  
  148  10:59  Supply Depot, Missile Turret  
  148  11:02  Supply Depot  
  148  11:03  Liberator x3  
  148  11:06  Liberator  
  148  11:07  Armory  
  148  11:12  Marine x6  
  148  11:13  Marine x2  
  148  11:15  Factory Tech Lab  
  168  11:27  Supply Depot  
  168  11:30  Supply Depot  
  168  11:41  SCV x2  
  168  11:45  SCV  
  171  12:02  Siege Tank x2  
  171  12:03  Medivac x2  
  171  12:05  Marine x5  
  171  12:06  Marine x3  
  189  12:21  Supply Depot  
  189  12:29  Supply Depot  
  189  12:30  Terran Infantry Weapons Level 2  
  189  12:31  Terran Infantry Armor Level 2  
  189  12:43  Marauder  
  191  12:47  Supply Depot  
  191  12:49  Supply Depot  
  191  12:51  Missile Turret  
  191  12:58  Refinery  
  191  13:10  Refinery  
  191  13:28  Missile Turret  
  191  13:30  Liberator x2  
  191  13:43  Marauder  
  199  14:13  Barracks  
  199  14:17  Barracks  
  197  14:31  Starport  
  197  14:33  Barracks  
  197  14:34  Starport  
  197  14:37  Barracks  
  191  14:45  Missile Turret  
  191  14:50  Terran Infantry Armor Level 3, Terran Infantry Weapons Level 3  
  191  15:03  Barracks Reactor  
  191  15:05  Barracks Reactor  
  191  15:11  Barracks Tech Lab  
  191  15:12  Barracks Tech Lab  
  191  15:33  Starport Reactor x2  
  191  15:35  Raven  
  193  16:18  Raven  
  193  16:19  Terran Ship Weapons Level 1  
  195  16:25  Barracks Tech Lab  
  195  16:26  Barracks Reactor  
  195  17:14  Command Center  
  195  17:16  Command Center  
  195  17:33  Building Armor  
  95  18:46  Marine  
  95  18:47  Marine x13  
  106  18:54  Viking x4  
  160  18:55  Viking  
  115  19:04  Marine x3  
  115  19:05  Marine x11  
  126  19:26  Viking x2  
  130  19:47  Viking  
  130  19:50  Marine x2  
  134  20:20  Missile Turret  
  134  20:35  Refinery  
  134  20:36  Refinery  
  133  21:12  Planetary Fortress  
  133  21:22  Marine x3  
  133  21:23  Marine x4  
  133  21:24  Marine  
  133  21:25  Marine  
  142  21:28  Viking x5  
  152  21:54  SCV x3  
  152  21:58  SCV  
  156  22:39  Viking x3  
  156  22:40  Viking x4  
  156  22:41  Viking  
  172  22:44  Marine  
  172  22:45  Marine x9  
  172  22:48  Marauder  
  172  22:49  Marauder x3  
  190  23:02  Marine  
  190  23:03  Marine x9  
  200  23:41  Concussive Shells  
Tags
 
Composition
MMM Bio
League
GoldGold
Matchup
PvT
Add a new tag
Caveats
  • Supply blocks, unpowered buildings, or Contaminate may cause inaccurate times.
  • Supply counts are checked every 10 seconds.